AoeStats
← Silvarop

Coastal Forest

510277124Analyzed
4v4 RM · 1d ago on Sep 30, 2026· 76m 4s· 8 players
Game mode
Random Map
Map size
Large (8 player)
Population
200
Speed
Normal
Resources
Standard
Victory
Conquest
Starting age
Dark Age
Ending age
Imperial Age
RankedLock teamsTeams togetherTeam positionsShared explorationLock speedFull tech treeHidden civsTurbo modeCheats
Victory
Defeat
🇪🇸 Britons · Spain
742
+14
737
+14
🇭🇺 Saracens · Hungary
727
+15
🇪🇸 Spanish · Spain
672
+17
721
-16
🇨🇳 Chinese · China
705
-15
698
-15
🇨🇳 Ethiopians · China
672
-14
打死你们这些外国人
1:03 Loom
15:03 Feudal Age
15:27 Fishing Lines
15:43 Double-Bit Axe
19:55 Wheelbarrow
24:10 Castle Age
22:05 Stone Mining
22:24 Horse Collar
22:41 Gold Mining
25:30 Bow Saw
25:28 Gillnets
27:04 Stone Shaft Mining
26:34 Fletching
28:30 Caravan
28:56 Hand Cart
28:30 Town Watch
29:39 Heavy Plow
31:46 Bodkin Arrow
32:06 Forging
31:42 Treadmill Crane
32:24 Ballistics
36:09 Imperial Age
34:43 Vendel Legacy
36:13 Town Patrol
37:13 Conscription
36:58 Bracer
37:34 Iron Casting
37:05 Scale Barding Armor
39:31 Crop Rotation
38:52 Elite Jarl
41:29 Two-Man Saw
41:40 Blast Furnace
41:10 Chain Barding Armor
43:37 Chemistry
44:08 Medium Warships
49:43 Plate Barding Armor
50:06 Heavy Warships
53:54 Shipwright
53:46 Clinker Construction
53:47 Careening
53:49 Siege Engineers
58:42 Dry Dock
58:54 Carvel Hull
58:48 Siphons
61:09 Elite Longship
626566706
0:32 Loom
11:49 Feudal Age
19:48 Castle Age
18:28 Wheelbarrow
17:39 Town Watch
18:19 Stone Mining
18:20 Gold Mining
19:05 Double-Bit Axe
19:04 Horse Collar
24:42 Padded Archer Armor
24:32 Fletching
25:38 Stone Shaft Mining
25:38 Gold Shaft Mining
26:39 Bow Saw
26:33 Heavy Plow
28:16 Hand Cart
29:47 Leather Archer Armor
30:34 Town Patrol
32:45 Bodkin Arrow
35:30 Imperial Age
33:50 Arson
34:15 Scale Mail Armor
34:25 Forging
34:21 Scale Barding Armor
34:16 Murder Holes
34:32 Masonry
34:43 Ballistics
36:02 Bloodlines
35:16 Light Cavalry
36:04 Heavy Rocket Cart
36:52 Squires
36:12 Pikeman
37:00 Husbandry
39:11 Conscription
45:15 Chemistry
44:26 Fortified Wall
44:47 Architecture
44:04 Arrowslits
43:56 Halberdier
48:58 Elite Chu Ko Nu
51:42 Rocketry
51:23 Great Wall
53:43 Ring Archer Armor
53:14 Bracer
55:44 Iron Casting
暗夜惜黎
12:55 Feudal Age
13:58 Double-Bit Axe
16:08 Horse Collar
19:31 Gold Mining
28:03 Castle Age
30:03 Wheelbarrow
30:30 Gold Shaft Mining
30:04 Squires
30:23 Bow Saw
30:43 Heavy Plow
30:52 Town Watch
33:48 Arson
34:48 Hand Cart
42:04 Imperial Age
43:46 Chemistry
47:03 Torsion Engines
47:31 Siege Engineers
51:41 Two-Man Saw
japs cancel meal for starvation
6:59 Loom
19:24 Feudal Age
24:11 Wheelbarrow
23:23 Double-Bit Axe
23:20 Horse Collar
23:31 Gold Mining
23:33 Stone Mining
26:32 Castle Age
27:59 Hand Cart
28:21 Stone Shaft Mining
27:58 Bow Saw
27:49 Heavy Plow
32:00 Imperial Age
29:51 Fletching
30:26 Ballistics
30:31 Bodkin Arrow
32:21 Bloodlines
32:24 Padded Archer Armor
33:03 Conscription
34:27 Chemistry
33:28 Bracer
34:13 Leather Archer Armor
35:57 Ring Archer Armor
36:04 Heavy Mounted Crossbowman
37:29 Thumb Ring
39:14 Elite Skirmisher
42:35 Two-Man Saw
50:14 Murder Holes
50:30 Masonry
Silvarop
0:27 Loom
11:27 Feudal Age
15:31 Double-Bit Axe
19:40 Horse Collar
20:42 Wheelbarrow
24:09 Castle Age
26:17 Gambesons
26:34 Squires
26:20 Arson
27:48 Ballistics
28:00 Scale Mail Armor
28:13 Forging
27:30 Pikeman
28:03 Pikeman
29:16 Bow Saw
30:10 Heavy Plow
31:23 Fletching
31:34 Padded Archer Armor
31:51 Chain Mail Armor
32:12 Iron Casting
33:09 Thumb Ring
36:44 Imperial Age
35:40 Hand Cart
35:12 Town Watch
36:12 Murder Holes
36:59 Halberdier
38:48 Chemistry
38:56 Town Patrol
39:22 Block Printing
39:13 Inquisition
40:28 Bodkin Arrow
41:05 Plate Mail Armor
45:11 Gold Mining
45:12 Stone Mining
45:45 Elite Skirmisher
45:58 Elite Conquistador
49:20 Conscription
50:51 Arrowslits
51:19 Bracer
51:34 Leather Archer Armor
52:20 Blast Furnace
51:26 Scale Barding Armor
58:35 Supremacy
58:59 Light Cavalry
61:02 Husbandry
60:25 Hussar
61:30 Chain Barding Armor
61:41 Ring Archer Armor
61:39 Elite Cannon Galleon
61:49 Demolition Ship
62:45 Medium Warships
64:30 Bombard Tower
64:20 Siphons
64:37 Shipwright
64:29 Careening
64:32 Clinker Construction
64:13 Heavy Demolition Ship
65:22 Heavy Warships
66:11 Guard Tower
68:49 Plate Barding Armor
74:06 Hoardings
72:53 Spies/Treason
74:17 Hoardings
73:42 Sappers
75:20 Carvel Hull
75:21 Dry Dock
75:37 Keep
爱蜜莉娅天使来到我身边
12:29 Feudal Age
13:07 Loom
16:40 Town Watch
20:09 Castle Age
18:17 Double-Bit Axe
20:17 Horse Collar
27:10 Scale Barding Armor
30:30 Caravan
32:51 Wheelbarrow
33:23 Scale Mail Armor
33:46 Chain Barding Armor
33:36 Forging
34:31 Bow Saw
34:46 Hand Cart
37:43 Imperial Age
38:07 Bloodlines
38:00 Husbandry
38:39 Iron Casting
38:53 Conscription
39:11 Ming Guang Armor
38:23 Heavy Hei Guang Cavalry
40:36 Tuntian
40:45 Heavy Plow
41:22 Elite Tiger Cavalry
43:33 Crop Rotation
44:50 Blast Furnace
44:30 Hoardings
45:25 Town Patrol
45:36 Fletching
45:49 Padded Archer Armor
49:44 Coinage
61:36 Spies/Treason
66:20 Stone Mining
66:21 Gold Mining
65:56 Pikeman
66:22 Arson
66:38 Squires
67:47 Banking
68:00 Stone Shaft Mining
68:10 Gold Shaft Mining
71:27 Demolition Ship
72:37 Medium Warships
72:11 Onager
73:44 Heavy Warships
74:43 Chemistry
76:31 Ballistics
_bonobo_9
3:15 Loom
10:40 Feudal Age
11:13 Horse Collar
11:22 Double-Bit Axe
17:30 Castle Age
20:26 Wheelbarrow
28:14 Husbandry
32:29 Imperial Age
30:40 Bloodlines
32:20 Scale Barding Armor
32:25 Forging
33:33 Hand Cart
33:04 Town Watch
34:32 Elite Mameluke
35:30 Counterweights
37:01 Bow Saw
38:33 Gold Mining
39:12 Heavy Camel Rider
39:50 Elite Skirmisher
40:36 Thumb Ring
40:49 Pikeman
44:09 Two-Man Saw
43:26 Caravan
44:41 Capped Ram
45:52 Fletching
46:03 Padded Archer Armor
46:40 Iron Casting
46:48 Town Patrol
47:03 Masonry
47:14 Ballistics
47:06 Fortified Wall
47:03 Siege Engineers
47:00 Heavy Plow
46:56 Stone Mining
47:43 Gold Shaft Mining
49:39 Siege Ram
49:55 Light Cavalry
52:34 Onager
54:34 Hussar
58:01 Blast Furnace
57:21 Chain Barding Armor
57:17 Leather Archer Armor
56:57 Bodkin Arrow
58:07 Chemistry
62:47 Spies/Treason
63:51 Conscription
69:26 Elite Cannon Galleon
70:19 Medium Warships
69:57 Fishing Lines
69:40 Demolition Ship
70:09 Fishing Lines
70:29 Heavy Demolition Ship
71:01 Gillnets
71:53 Heavy Warships
72:12 Heavy Warships
72:01 Siphons
72:07 Clinker Construction
72:09 Careening
Aboardable
7:25 Loom
11:46 Feudal Age
13:44 Double-Bit Axe
14:38 Wheelbarrow
18:52 Castle Age
17:50 Fletching
18:01 Padded Archer Armor
20:51 Crossbowman
23:02 Wheelbarrow
23:42 Bow Saw
24:31 Gold Mining
24:32 Stone Mining
25:41 Town Watch
27:35 Gold Shaft Mining
27:13 Horse Collar
29:52 Hand Cart
31:27 Heavy Plow
32:40 Ballistics
32:30 Bodkin Arrow
35:21 Leather Archer Armor
38:38 Imperial Age
37:24 Masonry
43:58 Squires
43:46 Elite Longbowman
45:36 Conscription
47:04 Two-Man Saw
45:51 Pikeman
51:46 Arbalester
51:55 Arbalester
56:22 Onager
63:09 Demolition Ship
64:52 Heavy Demolition Ship
67:18 Capped Ram
Connection lost

Rejoining the realm…

Still unreachable

The connection could not be restored.

Session expired

The server has moved on; the page needs a fresh start.